 Dungeon Crawl Stone Soup version 0.22-a0-271-gc000056 (webtiles) character file.

3243 nikopol the Thaumaturge (level 9, -6/46 HPs)
             Began as a Deep Elf Fire Elementalist on Mar 11, 2018.
             Was a Priest of Sif Muna.
             Mangled by a two-headed ogre
             ... wielding a +0 dire flail
              (18 damage)
             ... on level 8 of the Dungeon.
             The game lasted 00:36:12 (8609 turns).

nikopol the Thaumaturge (DEFE)                      Turns: 8609, Time: 00:36:13

Health: -6/46      AC:  5    Str:  5    XL:     9   Next: 67%
Magic:  25/25      EV: 13    Int: 29    God:    Sif Muna [***...]
Gold:   449        SH:  0    Dex: 15    Spells: 14/29 levels left

rFire    x . .     SeeInvis .   H - +0 dagger "Muin" {pierce, rN++ Int+5}
rCold    + . .     Gourm    .   (no shield)
rNeg     + + .     Faith    .   a - +0 robe
rPois    .         Spirit   .   (no helmet)
rElec    .         Reflect  .   D - +1 cloak
rCorr    .         Harm     .   x - +0 pair of gloves
MR       .....                  (no boots)
Stlth    ++++......             (no amulet)
HPRegen  0.15/turn              b - ring of ice
MPRegen  0.19/turn              z - ring of stealth

@: no status effects
A: no striking features
a: Divine Energy, Channel Magic, Renounce Religion


You were on level 8 of the Dungeon.
You worshipped Sif Muna.
Sif Muna was most pleased with you.
You were not hungry.

You visited 1 branch of the dungeon, and saw 8 of its levels.

You collected 449 gold pieces.

Inventory:

Hand Weapons
 H - the +0 dagger "Muin" (weapon) {pierce, rN++ Int+5}
   (You found it on level 6 of the Dungeon)

   It inflicts extra damage upon your enemies.
   It affects your intelligence (+5).
   It greatly protects you from negative energy.
Armour
 a - a +0 robe (worn)
 x - a +0 pair of gloves (worn)
 D - a +1 cloak (worn)
Magical Staves
 o - an uncursed staff of wizardry
Jewellery
 b - a ring of ice (left hand)
 z - a ring of stealth (right hand)
 C - an uncursed ring of ice
Wands
 r - a wand of flame (17)
Scrolls
 c - a scroll of identify
 e - 2 scrolls of amnesia
 j - 4 scrolls of teleportation
 n - 2 scrolls of fear {unknown}
 p - a scroll of enchant armour {unknown}
 u - 6 scrolls of remove curse
 v - a scroll of random uselessness {unknown}
 w - a scroll of immolation {unknown}
 y - 2 scrolls of magic mapping {unknown}
 B - a scroll of fog {unknown}
 F - a scroll of noise {unknown}
Potions
 g - a potion of resistance
 h - 3 potions of curing
 k - 4 potions of heal wounds
 l - a potion of mutation
 q - a potion of ambrosia
 s - a potion of flight
 t - 3 potions of berserk rage
 E - a potion of agility {unknown}


   Skills:
 + Level 0.7 Fighting
 + Level 3.2 Dodging
 + Level 4.2 Stealth
 + Level 10.7 Spellcasting
 + Level 8.2 Conjurations
 + Level 8.5 Fire Magic
 + Level 2.0 Evocations


You had 14 spell levels left.
You knew the following spells:

 Your Spells              Type           Power        Failure   Level  Hunger
a - Flame Tongue          Conj/Fire      #####        1%          1    None
b - Throw Flame           Conj/Fire      ######       1%          2    None
c - Conjure Flame         Conj/Fire      ######..     1%          3    None
d - Sticky Flame          Conj/Fire      ######..     1%          4    None
e - Fireball              Conj/Fire      ######....   3%          5    ###....


Dungeon Overview and Level Annotations

Branches:
Dungeon (8/15)             Temple (0/1) D:4
   Lair: D:8-11

Altars:
Cheibriados
Fedhas
Gozag
Kikubaaqudgha
Makhleb
Nemelex Xobeh
Qazlal
Sif Muna
Uskayaw
Yredelemnul
Zin


Message History

This raw flesh tastes terrible.
All of the chunks of flesh in your inventory have rotted away.
Magic restored.
Done exploring.
Done exploring.
Done exploring.
Done exploring.
Done exploring.
(D) Dungeon (T) Temple
Where to? (Enter - D:8, ? - help)
You see here a giant club.
There is a stone staircase leading down here.
You climb downwards.
A quokka comes into view.
The two-headed ogre hits you with a dire flail!
The two-headed ogre misses you.
The two-headed ogre hits you with a dire flail!!
* * * LOW HITPOINT WARNING * * *
The two-headed ogre hits you with a giant club!!
You die...

### ## ##..##
.(. ......#
..r
.......####.#
.......[.#.#
..........#
........O#
...<...@.#
.........#
.....)...#
.........#
......(..#
........##
........#
........#


You could see a two-headed ogre and a quokka (wandering).

Vanquished Creatures
  A two-headed ogre (D:8)
  The ghost of grindst0ne the Fighter, a novice VSFi (D:6)
  A hungry ghost (D:7)
  Duvessa (D:4)
  A phantom (D:7)
  5 ogres
  2 centaurs
  A bullfrog (D:7)
  Dowan (D:4)
  A scorpion (D:4)
  3 wights (D:6)
  5 howler monkeys
  A jelly (D:3)
  A bullfrog zombie (D:3)
  2 orc priests
  3 hounds
  A quasit (D:5)
  A centaur skeleton (D:5)
  Crazy Yiuf (D:5)
  Terence (D:3)
  Natasha (D:3)
  5 orc wizards
  2 worker ants
  A hound skeleton (D:5)
  4 gnolls (D:2)
  2 howler monkey skeletons
  5 adders
  A shadow imp (D:7)
  2 oozes
  An adder skeleton (D:5)
  3 worms
  5 leopard geckos
  31 orcs
  A ball python (D:1)
  5 bats
  5 giant cockroaches
  10 goblins
  6 hobgoblins
  14 jackals
  5 kobolds
  4 frilled lizards
  A jackal skeleton (D:6)
  12 rats
  A spectral orc (D:5)
161 creatures vanquished.

Notes
Turn   | Place    | Note
-------+----------+-------------------------------------------
     0 | D:1      | nikopol the Deep Elf Fire Elementalist began the quest for the Orb.
     0 | D:1      | Reached XP level 1. HP: 10/10 MP: 6/6
    98 | D:1      | Reached XP level 2. HP: 5/15 MP: 1/8
   623 | D:1      | Learned a level 2 spell: Throw Flame
   799 | D:1      | Reached XP level 3. HP: 19/19 MP: 6/9
  1627 | D:2      | Reached XP level 4. HP: 18/24 MP: 6/11
  1731 | D:2      | Learned a level 3 spell: Conjure Flame
  1736 | D:2      | Learned a level 4 spell: Sticky Flame
  2010 | D:2      | Reached skill level 4 in Spellcasting
  2669 | D:3      | Reached XP level 5. HP: 28/28 MP: 8/13
  3030 | D:3      | Reached skill level 5 in Fire Magic
  3134 | D:3      | Noticed Terence
  3143 | D:3      | Killed Terence
  3143 | D:3      | Reached skill level 5 in Spellcasting
  3372 | D:3      | Noticed Natasha
  3377 | D:3      | Killed Natasha
  3377 | D:3      | Reached XP level 6. HP: 33/33 MP: 11/15
  3560 | D:4      | Found a sparkling altar of Nemelex Xobeh.
  3908 | D:4      | Found an ancient bone altar of Kikubaaqudgha.
  3908 | D:4      | Found a deep blue altar of Sif Muna.
  3917 | D:4      | Found a stormy altar of Qazlal.
  3920 | D:4      | Became a worshipper of Sif Muna the Loreminder
  3923 | D:4      | Found a glowing silver altar of Zin.
  3925 | D:4      | Found a snail-covered altar of Cheibriados.
  4032 | D:4      | Reached skill level 6 in Spellcasting
  4036 | D:4      | Noticed Duvessa
  4115 | D:4      | Killed Duvessa
  4115 | D:4      | Reached XP level 7. HP: 37/37 MP: 1/18
  4134 | D:4      | Noticed Dowan
  4247 | D:4      | Found a staircase to the Ecumenical Temple.
  4274 | D:4      | Killed Dowan
  4508 | D:4      | Reached skill level 7 in Spellcasting
  4651 | D:4      | Reached skill level 1 in Evocations
  5001 | D:5      | Entered Level 5 of the Dungeon
  5065 | D:5      | Found an opulent altar of Gozag.
  5072 | D:5      | Learned a level 5 spell: Fireball
  5079 | D:5      | Reached * piety under Sif Muna
  5209 | D:5      | Reached skill level 5 in Conjurations
  5291 | D:5      | Found a blossoming altar of Fedhas.
  5325 | D:5      | Reached XP level 8. HP: 42/42 MP: 9/21
  5760 | D:5      | Reached skill level 8 in Spellcasting
  6017 | D:5      | Found a hide-covered altar of Uskayaw.
  6095 | D:5      | Found a runed door.
  6099 | D:5      | Noticed Crazy Yiuf
  6104 | D:5      | Killed Crazy Yiuf
  6225 | D:5      | Found a basalt altar of Yredelemnul.
  6442 | D:6      | Found a burning altar of Makhleb.
  6513 | D:6      | Reached ** piety under Sif Muna
  6711 | D:6      | Reached skill level 9 in Spellcasting
  6916 | D:6      | Noticed grindst0ne's ghost (novice VSFi)
  7147 | D:6      | Got a jewelled dagger
  7261 | D:6      | Killed grindst0ne's ghost
  7261 | D:6      | Reached XP level 9. HP: 46/46 MP: 10/24
  7775 | D:7      | Identified the cursed +0 dagger "Muin" {pierce, rN++ Int+5} (You found it on level 6 of the Dungeon)
  8009 | D:7      | Reached skill level 10 in Spellcasting
  8428 | D:8      | Noticed a two-headed ogre
  8432 | D:8      | Noticed a two-headed ogre
  8433 | D:8      | Killed a two-headed ogre
  8433 | D:8      | Reached *** piety under Sif Muna
  8609 | D:8      | Mangled by a two-headed ogre

Vault maps used:
D:1:      nzn_arrival_water_spiral
D:2:      first_ration
D:3:      item_on_display_a, uniq_natasha, uniq_terence
D:4:      chequers_temple_overflow_minitemple,
          nemelex_xobeh_ov_fountains_minmay, temple_statues, uniq_duvessa
D:5:      fedhas_altar_2, yredelemnul_forgotten_temple_becter,
          eat_drink_and_be_merry_uskayaw, basic_altar, uniq_crazy_yiuf_cottage
D:6:      basic_altar
D:8:      grunt_livestock, minmay_splitting_lines

Skill      XL: |  1  2  3  4  5  6  7  8  9 |
---------------+----------------------------+-----
Stealth        | 3 4 |  4.2
Fire Magic     | 4 5 6 7 8 |  8.5
Conjurations   | 2 3 4 5 7 8 |  8.2
Spellcasting   | 4 5 6 7 9 10 | 10.7
Evocations     | 1 2 |  2.0
Dodging        | 3 |  3.2
Fighting       | |  0.7

Action                   |  1- 3 |  4- 6 |  7- 9 || total
-------------------------+-------+-------+-------++-------
 Cast: Flame Tongue      |    78 |   129 |   158 ||   365
       Conjure Flame     |       |     7 |     9 ||    16
       Throw Flame       |       |     7 |    25 ||    32
       Sticky Flame      |       |       |    12 ||    12
       Fireball          |       |       |    13 ||    13
Evoke: Wand              |       |     5 |     6 ||    11
  Use: Scroll            |       |       |    10 ||    10
  Eat: Chunk             |     2 |     7 |    14 ||    23
       Ration            |       |       |     1 ||     1
Armor: Robe              |     4 |     2 |     8 ||    14
Dodge: Dodged            |    38 |    20 |    44 ||   102

Table legend:
 A = Spawn XP
 B = Non-spawn XP
 C = Spawn XP percentage of total XP
 D = Spawn monster count
 E = Non-spawn monster count
 F = Spawn count percentage of total count
 G = Total turns spent on level
                    A         B        C        D         E        F      G
               +---------+---------+-------+---------+---------+-------+---------
         Total |       0 |    4633 |   0.0 |       0 |     161 |   0.0 |  8609
               +---------+---------+-------+---------+---------+-------+---------
           D:1 |       0 |      54 |   0.0 |       0 |      28 |   0.0 |  1278
           D:2 |       0 |     135 |   0.0 |       0 |      34 |   0.0 |  1310
           D:3 |       0 |     209 |   0.0 |       0 |      19 |   0.0 |   972
           D:4 |       0 |     801 |   0.0 |       0 |      22 |   0.0 |  1659
           D:5 |       0 |     562 |   0.0 |       0 |      34 |   0.0 |  1177
           D:6 |       0 |    1102 |   0.0 |       0 |      11 |   0.0 |  1023
           D:7 |       0 |     910 |   0.0 |       0 |      12 |   0.0 |  1182
           D:8 |       0 |     860 |   0.0 |       0 |       1 |   0.0 |     8
               +---------+---------+-------+---------+---------+-------+---------
